 Dungeon Crawl Stone Soup version 0.27.0-1-g7a089689b8 (webtiles) character file.

Game seed: 3800001571047996829

47 SnakkuSnakku7 the Sneak (level 3, -1/28 HPs)
             Began as a Vampire Hedge Wizard on Aug 12, 2021.
             Slain by Terence (8 damage)
             ... on level 2 of the Dungeon.
             The game lasted 00:03:09 (1490 turns).

SnakkuSnakku7 the Sneak (Vampire Hedge Wizard)      Turns: 1490, Time: 00:03:09

Health: -1/28      AC:  5    Str: 10    XL:     3   Next: 48%
Magic:  7/7        EV: 10    Int: 16    God:
Gold:   87         SH:  0    Dex: 13    Spells: 7/8 levels left

rFire    . . .     SeeInvis +   a - +0 dagger
rCold    . . .     Faith    .   (no shield)
rNeg     . . .     Spirit   .   d - +0 ring mail
rPois    .         Reflect  .   c - +0 hat
rElec    .         Harm     .   (no cloak)
rCorr    .         Rampage  .   (no gloves)
Will     .....                  (no boots)
Stlth    ++........             (no amulet)
HPRegen  0.29/turn              (no ring)
MPRegen  0.10/turn              (no ring)

@: healing quickly
A: alive, fangs 3, see invisible, vampiric 2
a: Exsanguinate


You were on level 2 of the Dungeon.
You visited 1 branch of the dungeon, and saw 2 of its levels.

You collected 87 gold pieces.

Inventory:

Hand Weapons
 a - a +0 dagger (weapon)
Armour
 b - a +0 robe
 c - a +0 hat (worn)
 d - a +0 ring mail (worn)
Scrolls
 f - a scroll of torment
 h - a scroll of vulnerability {unknown}
Potions
 e - 2 potions of magic
 g - a potion of degeneration {unknown}


   Skills:
 + Level 2.9 Fighting
 - Level 2.1 Dodging
 - Level 3.0 Stealth
 - Level 3.0 Spellcasting
 - Level 0.6 Conjurations
 - Level 1.0 Summonings
 - Level 0.7 Translocations


You had 7 spell levels left.
You knew the following spells:

 Your Spells              Type           Power      Damage    Failure   Level
a - Magic Dart            Conj           16%        1d3       36%         1

Your spell library contained the following spells:

 Spells                   Type           Power      Damage    Failure   Level
 Call Imp                 Summ           5%         N/A       43%         2
 Blink                    Tloc           N/A        N/A       50%         2
 Slow                     Hex            2%         N/A       58%         2
 Conjure Flame            Conj/Fire      3%         6-21      78%         3
 Mephitic Cloud           Conj/Pois/Air  3%         N/A       80%         3


Dungeon Overview and Level Annotations

Branches:
Dungeon (2/15)

Altars:

Annotations:
D:2 Terence


Innate Abilities, Weirdness & Mutations

Your natural rate of healing is accelerated.
You have razor-sharp teeth.
You have supernaturally acute eyesight. (SInv)
You are afflicted with vampirism and can become a bat while bloodless.


Message History

* * * LOW HITPOINT WARNING * * *
There is a stone staircase leading up here.
You hit Terence but do no damage. You bite Terence, but do no damage.
Terence is severely wounded.
Terence looks scornfully at you. Terence hits you with a +0 mace.
You hit Terence. You bite Terence.
Terence is almost dead.
Terence hits you with a +0 mace.
* * * LOW HITPOINT WARNING * * *
There is a stone staircase leading up here.
Terence shouts, "Get ready for death!"
Terence screams, "I want your blood!"
You hit Terence but do no damage.
Terence is almost dead.
You closely miss Terence.
Terence is almost dead.
Terence barely misses you.
You hit Terence but do no damage.
Terence is almost dead.
Terence barely misses you.
You hit Terence but do no damage.
Terence is almost dead.
Terence hits you with a +0 mace!
* * * LOW HITPOINT WARNING * * *
You hit Terence but do no damage.
Terence is almost dead.
Terence barely misses you. Terence shouts, "Now you die!"
There is a stone staircase leading up here.
Terence hits you with a +0 mace.
Terence says, "Rest in peace."
You closely miss Terence.
Terence is severely wounded.
Terence hits you with a +0 mace!
* * * LOW HITPOINT WARNING * * *
You hit Terence. You bite Terence, but do no damage.
Terence is almost dead.
Terence hits you with a +0 mace!
You die...

####### #......
############### #.#####
#........@@...# #.#
#.###########.#######.#
#.########............#
#.........<.......#####
#.#####.##.#..###.#######
#.......##.#..#
#.......###
####..#######.#..#
#######....
#................# #####
#.##..###..####.## ##


You could see Terence.

Vanquished Creatures
  A worm (D:2)
  A dart slug (D:2)
  2 ball pythons (D:1)
  A bat (D:1)
  4 endoplasms
  2 giant cockroaches (D:1)
  6 hobgoblins
  2 jackals (D:2)
  3 quokkas
  3 frilled lizards
  5 goblins
  4 kobolds (D:1)
  4 rats (D:1)
38 creatures vanquished.

Notes
Turn   | Place    | Note
-------+----------+-------------------------------------------
     0 | D:1      | SnakkuSnakku7 the Vampire Hedge Wizard began the quest for
                  | the Orb.
     0 | D:1      | Reached XP level 1. HP: 13/13 MP: 4/4
    48 | D:1      | Reached skill level 1 in Fighting
   245 | D:1      | Reached XP level 2. HP: 14/21 MP: 6/6
   475 | D:1      | Found a faded altar of an unknown god.
   551 | D:1      | Gained mutation: You are afflicted with vampirism and can
                  | become a bat while bloodless. [Vampire growth]
   551 | D:1      | Reached XP level 3. HP: 15/28 MP: 7/7
  1271 | D:2      | Noticed Terence
  1490 | D:2      | Slain by Terence

Illustrated notes

Levels and vault maps discovered:
D:1:      dpeg_arrival_tiny_g, layout_basic, chequers_ecumenical_altar_island,
          serial_rivers, chequers_serial_rivers_micro_a,
          chequers_serial_rivers_micro_e, chequers_serial_rivers_room_a,
          chequers_serial_rivers_micro_b, minmay_misc_feat_more_columns
D:2:      layout_loops_ring, uniq_terence

Skill      XL: |  1  2 |
---------------+-------+-----
Fighting       | 1 2 |  2.9
Dodging        | |  2.1
Stealth        | |  3.0
Spellcasting   | |  3.0
Conjurations   | |  0.6
Summonings     | |  1.0
Translocations | |  0.7

Action                   || total
-------------------------++-------
Melee: Dagger            ||   245
       Bite              ||    25
 Cast: Magic Dart        ||     3
  Use: Scroll            ||     2
 Stab: Sleeping          ||     5
       Distracted        ||     1
Armor: Ring mail         ||    95
Dodge: Dodged            ||   147
